Unix NetHack Version 5.0.0-0 post-release - last build May 31 2026 23:59:36 (970b52f25bf058293b47ddfd14a1e40e571c508c,branch:main).

Game began 2026-06-01 03:51:21, ended 2026-06-01 23:07:06.

Eesui, lawful female human Samurai

                                                                  --------
 ----------     ----------------                                  |`.....|
 |@.......|     |..............|                              ####%.......#
 |.........#### |..............-                              #   |...o..|#
 |........| ####...............|                              #   --------#
 |........| #  #|..............|        ------- ##########    #          ##
 ----------##  #----------------        |."[...##########`#####         ##
  #      ###   ###################### ##..<...|    #         ###       #####
   ##    #                 #        ####|...[.-##                       #--|--
    #   ##                 #       #####|.....| #   ---------            -...|
    #   #                 -|------##   #------- ####.%......|            |...|
    ##  #                 |......|#    #### ########|.`.....|#           |...|
   --.--#                 |......|#                #|.......|#           |...|
   |"..|#                 |......|#                #|..@y....#      #[###|...|
   |"..|#                 |.......#                #|.......|=###########..>.|
   |"...#                 |...`..|                 #---------    ##      -----
   -----                  --.-----                 ###############

Eesui the Kunoichi     St:18 Dx:15 Co:18 In:13 Wi:9 Ch:7  Lawful
Dlvl:6  $:0  HP:0(84) Pw:26(26) AC:2  Xp:8/1845 T:6373  Hallu

Latest messages:
 You succeed in unlocking the chest.
 You put 39 gold pieces into the chest.
 You put a cursed unlabeled scroll into the chest.
 You put an uncursed scroll called 100 en into the chest.
 You put a maple wand into the chest.
 You put a maple wand into the chest.
 You put a scroll called earth into the chest.
 You put a scroll called earth into the chest.
 Your movements are now unencumbered.
 What do you want to use or apply? [fhloqswyCMPUXY or ?*] ?
 In what direction? .
 There is an unlocked chest containing 21 items here; lock it? [ynq] (q) y
 You succeed in locking the chest.
 Something is engraved here on the floor.  You read: "x".
 Really save? [yn] (n) y
 Saving...
 Restoring save file...
 NetHack is filmed in front of an undead studio audience.
 Konnichi wa Eesui, the human Samurai, welcome back to NetHack!
 You remember this level as stash.
 You are lucky!  Full moon tonight.
 You descend the stairs.
 Where do you want to travel to?
 (For instructions type a '?')
 The orc shaman butts!
 Magical Trevor kicks!
 The nalfeshnee butts!
 The hezrou kicks!
 You begin bashing monsters with your yumi.
 You hit the ape.
 The rock piercer butts!
 The lynx kicks!
 You hit the shocking sphere.
 The homunculus butts!
 The boor wight kicks!
 You hit the giant ant.
 The Uruk-hai butts!
 The bone devil kicks!
 The lieutenant butts!
 The white dragon kicks!
 You miss the warhorse.
 The lemure butts!
 The Grey-elf kicks!
 The storm giant butts!
 You die...
 Do you want your possessions identified? [ynq] (y) y
 Do you want to see your attributes? [ynq] (y) y
 Do you want an account of creatures vanquished? [ynaq] (y) y
 Do you want to see your conduct and achievements? [ynq] (y) y
 Do you want to see the dungeon overview? [ynq] (y) y

Inventory:
 Weapons  (')')
  m - 10 +0 arrows
  d - 24 +0 ya (in quiver)
  c - a +0 yumi (weapon in right hand)
  a - a +0 katana
  q - the rustproof +3 Snickersnee (alternate weapon; not wielded)
 Armor    ('[')
  V - an uncursed +0 orcish helm (being worn)
  E - an uncursed +0 pair of kicking boots (being worn)
  R - an uncursed +0 dwarvish cloak (being worn)
  e - an uncursed rustproof +0 splint mail (being worn)
 Comestibles  ('%')
  b - an uncursed carrot
  K - an uncursed cram ration
  T - an uncursed gunyoki
  D - 3 uncursed tripe rations
  g - an uncursed lizard corpse
 Potions  ('!')
  p - 2 blessed potions of healing
  x - 3 uncursed potions of healing
  A - a cursed potion of healing
 Rings    ('=')
  j - an uncursed +2 ring of gain strength
  i - an uncursed ring of polymorph control
 Wands    ('/')
  U - a cursed wand of digging (0:6)
  h - a wand of lightning (0:6)
  s - a wand of sleep (0:5)
  X - a wand of speed monster (0:4)
  Y - a wand of teleportation (0:7)
 Tools    ('(')
  f - an uncursed blindfold
  l - an expensive camera (0:49)
  o - an uncursed leash
  C - a magic marker (0:48)
  y - a blessed oil lamp
  w - an uncursed osaku
  M - an uncursed skeleton key
  P - a +0 unicorn horn

Eesui the Samurai's attributes:

Background:
 You were a Kunoichi, a level 8 female human Samurai.
 You were lawful, on a mission for Amaterasu Omikami
 who was opposed by Raijin (neutral) and Susanowo (chaotic).
 You were right-handed.
 You were in the Dungeons of Doom, on level 6.
 You entered the dungeon 6373 turns ago.
 It was nighttime.
 There was a full moon in effect when your adventure ended.
 You had 1845 experience points, 715 more were needed to attain level 9.

Basics:
 You had 0 out of 84 hit points.
 You had all 26 energy points (spell power).
 Your armor class was 2.
 Your wallet was empty.
 Autopickup was on for '$?!/=+"' plus thrown.

Final Characteristics:
 Your strength was 18 (limit:18/100).
 Your dexterity was 15 (limit:18).
 Your constitution was 18 (limit:18).
 Your intelligence was 13 (limit:18).
 Your wisdom was 9 (limit:18).
 Your charisma was 7 (limit:18).

Final Status:
 You were hallucinating.
 You weren't hungry.
 You were unencumbered.
 You were wielding a bow.
 You had basic skill with bow.

Final Attributes:
 You were piously aligned.
 Your items were somewhat protected from fire.
 Your items were somewhat protected from cold.
 You were warded.
 You were fast.
 You were lucky.
 You are dead.

Miscellaneous:
 You didn't encounter any bones levels.
 Total elapsed playing time was 52 minutes and 24 seconds.

Major events:
 Turn
    1: Eesui the lawful female human Samurai entered the dungeon
  728: entered the Gnomish Mines
  825: attained the rank of Ronin (level 3)
 2448: reached Mine Town
 2827: attained the rank of Kunoichi (level 6)
 4335: was bestowed with Snickersnee by Amaterasu Omikami
 5855: entered Sokoban
 6170: completed 1st Sokoban level
 6373: killed by a hallucinogen-distorted gray unicorn

You didn't know any spells.

Skills:
 Fighting Skills
   martial arts      [Basic]
   two weapon combat [Skilled]
   riding            [Unskilled]
 Weapon Skills
   dagger            [Unskilled]
   knife             [Unskilled]
   short sword       [Basic]
   broadsword        [Unskilled]
   long sword        [Skilled]
   two-handed sword  [Unskilled]
   saber             [Unskilled]
   flail             [Unskilled]
   quarterstaff      [Unskilled]
   polearms          [Unskilled]
   spear             [Unskilled]
   lance             [Unskilled]
   bow               [Basic]
   shuriken          [Unskilled]
 Spellcasting Skills
   attack spells     [Unskilled]
   divination spells [Unskilled]
   clerical spells   [Unskilled]

Voluntary challenges:
 Character rerolling was not enabled.
 You never genocided any monsters.
 You never polymorphed an object.
 You never changed form.
 You used no wishes.
 You did not violate any of the special Sokoban rules.
Achievements:
 You entered a shop.
 You entered the Gnomish Mines.
 You attained the rank of Ronin.
 You entered Minetown.
 You entered a temple.
 You attained the rank of Kunoichi.
 You entered Sokoban.

 The Dungeons of Doom: levels 1 to 10
    Level 1:
       A fountain.
    Level 2:
       A food shop, a fountain.
    Level 3:
       An altar.
       Stairs down to The Gnomish Mines.
    Level 4:
       A grave.
    Level 5: "stash"
       A general store, a fountain, a sink.
    Level 6: <- You were here.
       An altar to Amaterasu Omikami.
       Final resting place for
          you, killed by a hallucinogen-distorted gray unicorn.
    Level 7:
    Level 8:
       A general store, a sink, a grave.
    Level 9:
       Many fountains.
    Level 10:
       A fountain.
       Stairs up to Sokoban, level 9.
 The Gnomish Mines: levels 4 to 7
    Level 4:
    Level 5:
    Level 6:
       Some shops, a temple and an altar, some fountains.
    Level 7:
 Sokoban: levels 9 up to 8
    Level 8:
       Unsolved.
    Level 9:
       Solved.


Vanquished creatures:
  3 small mimics
 an elf mummy
  2 crocodiles
  a giant beetle
  a cockatrice
  2 wolves
  a winter wolf cub
 an ice vortex
  a black light
 an ogre
  2 brown puddings
  a lizard
  a dog
  a jaguar
  2 gray unicorns
  2 ravens
  a gnome mummy
  a rope golem
  2 bugbears
  a mountain nymph
  2 Mordor orcs
  a fog cloud
  a shrieker
  4 gnome leaders
  2 gnomish wizards
  5 gray oozes
 an elf zombie
  a straw golem
  2 floating eyes
  a kitten
  3 dwarves
  a homunculus
  a kobold leader
  a kobold shaman
  4 hill orcs
  7 rothes
  a rabid rat
  a giant bat
  a wererat
 an iguana
  8 killer bees
 an acid blob
  3 coyotes
  a gas spore
  6 manes
  2 large kobolds
  a hobgoblin
  3 cave spiders
  4 brown molds
  a yellow mold
  2 red molds
 19 gnomes
  7 geckos
  6 jackals
  a fox
  2 kobolds
  2 goblins
  7 grid bugs
  2 lichens
  2 kobold zombies
  2 newts
151 creatures vanquished.

No species were genocided or became extinct.

Game over:
                       ----------
                      /          \
                     /    REST    \
                    /      IN      \
                   /     PEACE      \
                  /                  \
                  |      Eesui       |
                  |       0 Au       |
                  |   killed by a    |
                  | hallucinogen-dis |
                  |   torted gray    |
                  |     unicorn      |
                  |       2026       |
                 *|     *  *  *      | *
        _________)/\\_//(\/(/\)/\//\/|_)_______

Sayonara Eesui the Samurai...

You died in The Dungeons of Doom on dungeon level 6 with 7870 points,
and 0 pieces of gold, after 6373 moves.
You were level 8 with a maximum of 84 hit points when you died.

